2727 views
Uploaded 2019-12-24 00:15:35
Game version 1.32.0.4
38:50 long 1on1 ladder game on (2)Amazonia
Saved by BEARAND
2727 views
Uploaded 2019-12-24 00:15:35
Game version 1.32.0.4
38:50 long 1on1 ladder game on (2)Amazonia

23 units @ 1.9k
/ 0k
108 buildings @ 4.5k
/ 2.5k



x1)
| Scroll of Regeneration | 1 | 100 |
| Potion of Healing | 1 | 150 |
| Staff of Sanctuary | 3 | 750 |
| Orb of Fire | 2 | 650 |
| Boots of Speed | 3 | 750 |
| Staff of Teleportation | 4 | 600 |
| Periapt of Vitality | 1 | 325 |
| Tome of Retraining | 1 | 300 |
| total: | 16 | 3625g |
| Peasant | 21 | 1575 | / | 0 |
| Priest | 1 | 135 | / | 10 |
| Sorceress | 1 | 155 | / | 20 |
| total: | 23 | 1865g | / | 30w |
| Scout Tower | 96 | 2880 | / | 1920 |
| Arcane Tower | 8 | 560 | / | 400 |
| Guard Tower | 40 | 2800 | / | 2000 |
| Altar of Kings | 1 | 180 | / | 50 |
| Farm | 6 | 480 | / | 120 |
| Lumber Mill | 1 | 120 | / | 0 |
| Town Hall | 1 | 385 | / | 205 |
| Arcane Vault | 2 | 260 | / | 60 |
| Arcane Sanctum | 1 | 150 | / | 140 |
| Keep | 1 | 320 | / | 210 |
| Castle | 1 | 360 | / | 210 |
| total: | 108 | 4455g | / | 2495w |
| 0:03 | Peasant |
| 0:03 | Peasant |
| 0:09 | Altar of Kings |
| 0:19 | Farm |
| 0:22 | Peasant |
| 0:25 | Scout Tower |
| 0:29 | Farm |
| 0:31 | Peasant |
| 0:44 | Peasant |
| 0:58 | Peasant |
| 1:09 | Lumber Mill |
| 1:16 | Peasant |
| 1:22 | Peasant |
| 1:26 | Scout Tower |
| 1:36 | Arcane Tower |
| 1:49 | Peasant |
| 1:54 | Scout Tower |
| 1:55 | Peasant |
| 2:09 | Summon Water Elemental |
| 2:34 | Guard Tower |
| 2:35 | Peasant |
| 2:35 | Peasant |
| 2:35 | Peasant |
| 2:35 | Peasant |
| 2:37 | Scout Tower |
| 2:40 | Scout Tower |
| 3:29 | Peasant |
| 3:30 | Brilliance Aura |
| 4:27 | Keep |
| 4:37 | Town Hall |
| 4:37 | Summon Water Elemental |
| 4:43 | Farm |
| 4:45 | Scout Tower |
| 4:46 | Scout Tower |
| 4:46 | Scout Tower |
| 4:47 | Scout Tower |
| 4:48 | Scout Tower |
| 4:48 | Scout Tower |
| 5:11 | Boots of Speed |
| 5:11 | Staff of Teleportation |
| 5:29 | Arcane Tower |
| 5:30 | Guard Tower |
| 5:48 | Guard Tower |
| 5:49 | Guard Tower |
| 5:57 | Peasant |
| 5:58 | Peasant |
| 5:58 | Peasant |
| 5:59 | Peasant |
| 6:13 | Guard Tower |
| 6:13 | Guard Tower |
| 6:44 | Scout Tower |
| 6:45 | Scout Tower |
| 6:45 | Scout Tower |
| 6:46 | Scout Tower |
| 6:46 | Scout Tower |
| 6:47 | Scout Tower |
| 6:55 | Peasant |
| 6:55 | Peasant |
| 6:58 | Guard Tower |
| 7:11 | Improved Lumber Harvesting |
| 7:19 | Boots of Speed |
| 7:19 | Periapt of Vitality |
| 7:19 | Staff of Teleportation |
| 7:20 | Staff of Teleportation |
| 7:23 | Guard Tower |
| 7:39 | Guard Tower |
| 7:43 | Arcane Sanctum |
| 7:44 | Scout Tower |
| 7:45 | Scout Tower |
| 7:46 | Scout Tower |
| 7:49 | Scout Tower |
| 7:49 | Scout Tower |
| 7:50 | Scout Tower |
| 7:50 | Scout Tower |
| 8:09 | Storm Bolt |
| 8:27 | Guard Tower |
| 8:30 | Arcane Vault |
| 8:37 | Farm |
| 8:38 | Farm |
| 8:45 | Guard Tower |
| 8:48 | Improved Masonry |
| 8:49 | Guard Tower |
| 9:28 | Guard Tower |
| 9:29 | Scout Tower |
| 9:30 | Scout Tower |
| 9:50 | Castle |
| 9:51 | Scroll of Regeneration |
| 9:54 | Potion of Healing |
| 9:59 | Guard Tower |
| 10:04 | Magic Sentry |
| 10:04 | Priest |
| 10:06 | Scout Tower |
| 10:07 | Scout Tower |
| 10:08 | Scout Tower |
| 10:08 | Scout Tower |
| 10:09 | Scout Tower |
| 10:40 | Bash |
| 10:46 | Advanced Masonry |
| 11:16 | Priest Adept Training |
| 11:17 | Sorceress Adept Training |
| 11:26 | Guard Tower |
| 11:37 | Guard Tower |
| 11:39 | Arcane Tower |
| 11:39 | Guard Tower |
| 11:39 | Guard Tower |
| 11:48 | Scout Tower |
| 11:49 | Scout Tower |
| 12:22 | Arcane Vault |
| 12:25 | Scout Tower |
| 12:26 | Scout Tower |
| 12:26 | Scout Tower |
| 12:27 | Scout Tower |
| 12:27 | Scout Tower |
| 12:28 | Scout Tower |
| 12:35 | Staff of Sanctuary |
| 13:05 | Guard Tower |
| 13:12 | Guard Tower |
| 13:13 | Scout Tower |
| 13:13 | Scout Tower |
| 13:14 | Scout Tower |
| 13:36 | Brilliance Aura |
| 13:39 | Holy Light |
| 13:44 | Guard Tower |
| 13:51 | Boots of Speed |
| 13:51 | Staff of Teleportation |
| 14:03 | Storm Bolt |
| 14:13 | Guard Tower |
| 14:16 | Orb of Fire |
| 14:22 | Staff of Sanctuary |
| 14:40 | Scout Tower |
| 14:41 | Scout Tower |
| 14:41 | Scout Tower |
| 15:31 | Guard Tower |
| 15:32 | Imbued Masonry |
| 15:32 | Advanced Lumber Harvesting |
| 15:38 | Scout Tower |
| 15:38 | Scout Tower |
| 15:39 | Scout Tower |
| 15:39 | Scout Tower |
| 15:42 | Scout Tower |
| 15:43 | Scout Tower |
| 16:10 | Staff of Sanctuary |
| 16:18 | Orb of Fire |
| 16:48 | Divine Shield |
| 18:01 | Guard Tower |
| 18:04 | Scout Tower |
| 18:05 | Scout Tower |
| 18:05 | Scout Tower |
| 18:06 | Scout Tower |
| 18:07 | Scout Tower |
| 18:07 | Scout Tower |
| 18:07 | Scout Tower |
| 18:08 | Scout Tower |
| 18:08 | Scout Tower |
| 18:15 | Scout Tower |
| 18:16 | Scout Tower |
| 18:17 | Scout Tower |
| 18:18 | Scout Tower |
| 18:18 | Scout Tower |
| 18:19 | Scout Tower |
| 18:19 | Scout Tower |
| 18:50 | Holy Light |
| 19:08 | Guard Tower |
| 19:36 | Guard Tower |
| 19:37 | Scout Tower |
| 19:37 | Scout Tower |
| 19:38 | Scout Tower |
| 19:38 | Scout Tower |
| 19:39 | Scout Tower |
| 19:39 | Scout Tower |
| 19:40 | Scout Tower |
| 19:58 | Tome of Retraining |
| 19:58 | Retrain Hero |
| 20:00 | Blizzard |
| 20:00 | Brilliance Aura |
| 20:00 | Blizzard |
| 20:00 | Brilliance Aura |
| 20:05 | Sorceress |
| 20:08 | Guard Tower |
| 20:09 | Arcane Tower |
| 20:10 | Guard Tower |
| 20:30 | Arcane Tower |
| 22:04 | Guard Tower |
| 22:05 | Scout Tower |
| 22:06 | Scout Tower |
| 22:08 | Scout Tower |
| 22:09 | Scout Tower |
| 22:46 | Farm |
| 23:03 | Arcane Tower |
| 23:04 | Guard Tower |
| 23:06 | Scout Tower |
| 23:06 | Scout Tower |
| 23:07 | Scout Tower |
| 23:08 | Scout Tower |
| 23:08 | Scout Tower |
| 23:09 | Scout Tower |
| 23:09 | Scout Tower |
| 23:10 | Scout Tower |
| 23:10 | Scout Tower |
| 24:18 | Bash |
| 24:48 | Guard Tower |
| 25:48 | Divine Shield |
| 26:14 | Guard Tower |
| 27:42 | Guard Tower |
| 27:48 | Scout Tower |
| 27:48 | Scout Tower |
| 27:49 | Scout Tower |
| 28:03 | Sorceress Master Training |
| 28:40 | Brilliance Aura |
| 29:10 | Arcane Tower |
| 29:11 | Guard Tower |
| 29:17 | Scout Tower |
| 29:18 | Scout Tower |
| 29:18 | Scout Tower |
| 30:34 | Guard Tower |
| 30:42 | Arcane Tower |
| 30:46 | Scout Tower |
| 30:48 | Scout Tower |
| 30:49 | Scout Tower |
| 34:08 | Guard Tower |
| 36:25 | Storm Bolt |
| Right click | 2647 |
| Chat | 940 |
| Select | 826 |
| Select group | 542 |
| Build/train/purchase | 192 |
| Use ability | 150 |
| Misc. action | 60 |
| Assign group | 31 |
| Item give/drop | 18 |
| Remove unit | 1 |
37 units @ 6.2k
/ 0.2k
32 buildings @ 4.7k
/ 2.1k


| Periapt of Vitality | 1 | 325 |
| Boots of Speed | 1 | 250 |
| total: | 2 | 575g |
| Peon | 5 | 375 | / | 0 |
| Grunt | 22 | 4400 | / | 0 |
| Troll Headhunter | 10 | 1400 | / | 200 |
| total: | 37 | 6175g | / | 200w |
| Watch Tower | 16 | 1760 | / | 1280 |
| Orc Burrow | 6 | 960 | / | 240 |
| Altar of Storms | 2 | 360 | / | 100 |
| Barracks | 3 | 540 | / | 150 |
| War Mill | 2 | 410 | / | 0 |
| Voodoo Lounge | 1 | 130 | / | 30 |
| Great Hall | 1 | 385 | / | 185 |
| Beastiary | 1 | 145 | / | 140 |
| Stronghold | 1 | 315 | / | 190 |
| Fortress | 1 | 325 | / | 190 |
| total: | 32 | 4690g | / | 2125w |
| 0:16 | Orc Burrow |
| 0:21 | Orc Burrow |
| 0:27 | Peon |
| 1:15 | Altar of Storms |
| 1:52 | Barracks |
| 2:01 | Peon |
| 2:23 | Peon |
| 2:49 | War Mill |
| 2:57 | Grunt |
| 2:58 | Grunt |
| 3:18 | Orc Burrow |
| 3:54 | Grunt |
| 4:12 | Troll Headhunter |
| 4:12 | Troll Headhunter |
| 4:32 | Grunt |
| 4:36 | Feral Spirit |
| 5:16 | Troll Headhunter |
| 5:16 | Troll Headhunter |
| 5:25 | Watch Tower |
| 5:35 | Watch Tower |
| 6:27 | Spiked Barricades |
| 6:33 | Watch Tower |
| 7:29 | Chain Lighting |
| 7:50 | Watch Tower |
| 8:56 | Feral Spirit |
| 9:07 | Grunt |
| 9:08 | Troll Headhunter |
| 9:19 | Orc Burrow |
| 9:31 | Barracks |
| 9:44 | Troll Headhunter |
| 9:53 | Stronghold |
| 10:27 | Periapt of Vitality |
| 10:29 | Boots of Speed |
| 12:17 | Watch Tower |
| 12:59 | Beastiary |
| 14:20 | Chain Lighting |
| 14:54 | Watch Tower |
| 15:00 | Pillage |
| 15:24 | Grunt |
| 15:29 | Berserker Strength |
| 16:10 | Orc Burrow |
| 16:20 | Peon |
| 16:23 | Peon |
| 16:28 | Grunt |
| 16:31 | Grunt |
| 16:41 | Orc Burrow |
| 17:21 | Steel Melee Weapons |
| 17:37 | Watch Tower |
| 18:06 | Voodoo Lounge |
| 18:55 | Watch Tower |
| 19:44 | Watch Tower |
| 19:51 | Watch Tower |
| 20:40 | Steel Armor |
| 21:10 | Reinforced Defenses |
| 21:38 | Grunt |
| 21:38 | Grunt |
| 21:42 | Grunt |
| 21:42 | Grunt |
| 21:44 | Grunt |
| 21:47 | Grunt |
| 23:01 | Endurance Aura |
| 23:26 | Improved Spiked Barricades |
| 23:27 | Steel Ranged Weapons |
| 23:29 | Thorium Armor |
| 24:28 | Great Hall |
| 24:57 | Troll Headhunter |
| 24:57 | Troll Headhunter |
| 25:03 | Troll Headhunter |
| 25:03 | Troll Headhunter |
| 26:15 | Barracks |
| 26:20 | Watch Tower |
| 27:37 | Grunt |
| 27:38 | Grunt |
| 28:01 | Watch Tower |
| 28:26 | Grunt |
| 28:26 | Grunt |
| 28:27 | Grunt |
| 28:27 | Grunt |
| 28:27 | Grunt |
| 28:27 | Grunt |
| 29:23 | Watch Tower |
| 29:42 | Fortress |
| 30:38 | War Mill |
| 31:09 | Altar of Storms |
| 31:46 | Watch Tower |
| 31:59 | Watch Tower |
| 36:01 | Watch Tower |
| Right click | 727 |
| Select | 376 |
| Chat | 271 |
| Build/train/purchase | 72 |
| Use ability | 12 |
| Esc | 7 |
| Misc. action | 4 |
| Remove unit | 2 |
| Item give/drop | 1 |